Map: Blackpink EC

Players

WhiteStar - Winner!

  • Race: Terran Terran
  • Spawn Location: 1:00

Santiago

  • Race: Terran Terran
  • League: Diamond
  • Spawn Location: 7:00

VOD

Have the link to the VOD?

Description

Time

  • Played on: March 29, 2018, 5:50 p.m.
  • Length: 13:22
Show
View Real Time Build Order
Export as new Build Order

WhiteStar Terran - Winner!

Build Orders: Cyclone Opening 

Get SALT Encoding   

  12  0:00  SCV  
  13  0:12  SCV  
  14  0:18  Supply Depot  
  14  0:25  SCV  
  15  0:28  Refinery  
  15  0:39  SCV  
  16  0:45  Barracks  
  16  0:52  SCV  
  17  0:58  Refinery  
  17  1:04  SCV  
  18  1:16  SCV  
  19  1:32  Orbital Command, Reaper  
  20  1:37  Factory  
  20  1:46  Supply Depot  
  20  1:58  SCV  
  21  2:04  Barracks Reactor  
  21  2:10  SCV  
  22  2:22  SCV, Widow Mine  
  25  2:23  Supply Depot  
  25  2:34  SCV  
  26  2:46  SCV  
  26  2:58  Cyclone, SCV  
  26  2:59  Command Center  
  26  3:01  Cyclone  
  33  3:11  SCV  
  34  3:13  Supply Depot  
  34  3:23  SCV  
  35  3:31  Widow Mine  
  35  3:33  Widow Mine  
  39  3:35  SCV  
  39  3:38  Supply Depot  
  40  3:47  SCV  
  41  3:58  Command Center  
  41  3:59  SCV  
  41  4:01  Engineering Bay  
  42  4:06  Widow Mine  
  44  4:11  Orbital Command  
  44  4:14  SCV  
  45  4:26  SCV  
  46  4:32  Cyclone  
  46  4:37  Cyclone  
  46  4:38  SCV x2  
  54  4:48  Starport  
  54  4:50  SCV x2  
  54  4:52  Barracks Tech Lab  
  56  4:54  Refinery  
  56  4:58  Supply Depot  
  56  5:02  SCV  
  56  5:03  SCV  
  61  5:07  Cyclone  
  61  5:13  Orbital Command  
  61  5:19  SCV x2, Armory  
  63  5:31  SCV x2  
  63  5:35  Raven  
  65  5:38  Cyclone  
  65  5:39  SCV, Cyclone  
  74  5:43  SCV  
  74  5:49  Refinery, Supply Depot  
  75  5:51  Supply Depot  
  75  5:59  Missile Turret  
  75  6:01  Missile Turret  
  75  6:05  SCV, Missile Turret  
  75  6:06  SCV  
  75  6:07  SCV, Missile Turret  
  75  6:08  Missile Turret  
  75  6:10  Terran Vehicle Weapons Level 1  
  78  6:17  SCV  
  78  6:18  SCV  
  80  6:19  SCV  
  80  6:21  Supply Depot  
  80  6:24  Supply Depot  
  80  6:25  Cyclone  
  84  6:30  Cyclone  
  87  6:33  Raven  
  87  6:36  SCV x3  
  92  6:48  SCV x2  
  92  6:49  SCV  
  92  6:50  Supply Depot  
  95  7:00  Factory, Supply Depot  
  95  7:01  Factory  
  95  7:02  Hellion  
  95  7:03  Hellion, SCV x3  
  95  7:08  Refinery  
  102  7:11  Refinery  
  102  7:15  SCV x3  
  104  7:18  Raven, Supply Depot  
  104  7:21  Corvid Reactor  
  107  7:27  SCV x2  
  107  7:28  SCV  
  110  7:36  Cyclone  
  113  7:37  Cyclone  
  113  7:39  SCV x2  
  113  7:40  SCV  
  106  8:00  SCV x3  
  109  8:10  Terran Vehicle Weapons Level 2  
  109  8:11  Command Center, Factory Tech Lab x2  
  109  8:12  SCV x3, Factory Reactor  
  112  8:16  Command Center, Armory, Raven  
  113  8:24  SCV x3  
  116  8:36  SCV x3  
  116  8:38  Sensor Tower  
  116  8:39  Missile Turret  
  119  8:48  SCV x3  
  120  8:49  Cyclone  
  120  8:50  Cyclone x3  
  120  8:51  Infernal Pre-Igniter  
  134  8:58  Missile Turret  
  134  9:03  Missile Turret  
  134  9:05  Hellion  
  134  9:06  Raven  
  134  9:08  SCV x2  
  134  9:09  SCV  
  141  9:22  Missile Turret  
  141  9:24  SCV x2  
  143  9:29  Factory x2  
  143  9:30  SCV  
  145  9:32  Starport  
  145  9:33  Starport  
  145  9:35  Orbital Command  
  145  9:36  SCV x2  
  145  9:38  Refinery  
  146  9:39  Refinery  
  146  9:46  Orbital Command  
  146  9:49  Missile Turret  
  146  9:50  Missile Turret  
  146  10:00  Raven  
  146  10:03  Terran Vehicle And Ship Armor Level 1  
  148  10:10  Sensor Tower  
  148  10:23  Supply Depot  
  148  10:26  Starport Tech Lab x2  
  148  10:28  Cyclone  
  154  10:29  Factory Reactor  
  154  10:30  Factory Reactor  
  154  10:32  Hellion x2  
  161  10:37  Sensor Tower  
  161  10:38  Hellion x2, Missile Turret, Terran Vehicle Weapons Level 3  
  161  10:39  Missile Turret, Rapid Fire Launchers  
  161  10:42  Missile Turret, Raven  
  159  10:44  Refinery, Missile Turret  
  159  10:45  Refinery  
  161  10:53  Hellion, Cyclone  
  166  10:59  Cyclone  
  169  11:09  Factory x2  
  169  11:10  Factory, Refinery  
  169  11:11  Command Center  
  169  11:14  Hellion, Refinery  
  171  11:25  Hellion  
  171  11:27  Cyclone x2  
  171  11:31  Raven  
  170  11:40  Supply Depot x3  
  170  11:41  Supply Depot  
  170  11:58  Smart Servos  
  170  12:01  Hellion x4, Raven  
  170  12:02  Hellion  
  182  12:08  Cyclone  
  182  12:09  Cyclone, Factory Reactor x3  
  182  12:10  Refinery  
  182  12:11  Command Center  
  182  12:12  Refinery  
  182  12:13  Missile Turret  
  182  12:15  Missile Turret  
  188  12:16  Missile Turret  
  188  12:17  Missile Turret  
  188  12:18  Missile Turret  
  188  12:19  Sensor Tower  
  177  12:22  SCV  
  177  12:23  SCV  
  174  12:34  Cyclone  
  174  12:35  Cyclone x2, Raven x2, Hellion x2  
  191  12:39  Missile Turret x3  
  191  12:43  Missile Turret  
  191  12:45  Missile Turret  
  191  12:47  Orbital Command  
  191  13:10  Missile Turret  
  191  13:11  Missile Turret  
Show
View Real Time Build Order
Export as new Build Order

Santiago Terran 

Build Orders: Cyclone Opening, Reaper Expand, MMM Bio 

Get SALT Encoding   

  12  0:01  SCV  
  13  0:13  SCV  
  14  0:19  Supply Depot  
  14  0:25  SCV  
  15  0:32  Refinery  
  15  0:41  SCV  
  16  0:47  Barracks  
  16  0:53  SCV  
  17  1:05  SCV  
  18  1:17  SCV  
  19  1:35  Orbital Command  
  19  1:36  Reaper  
  20  1:48  Command Center  
  20  2:02  Factory  
  20  2:03  SCV  
  21  2:11  Supply Depot  
  21  2:15  SCV  
  22  2:19  Refinery  
  22  2:21  Barracks Reactor  
  22  2:27  SCV  
  23  2:33  Bunker  
  23  2:39  SCV  
  23  2:51  SCV  
  23  2:53  Cyclone  
  27  2:59  Orbital Command  
  27  3:03  SCV, Marine  
  29  3:13  Starport  
  29  3:16  SCV  
  30  3:23  Marine x2  
  32  3:28  SCV x2  
  32  3:29  Factory Tech Lab  
  34  3:40  SCV x2  
  36  3:47  Engineering Bay  
  36  3:52  SCV, Marine, Siege Tank  
  42  3:55  SCV  
  42  4:03  Supply Depot  
  42  4:04  SCV  
  42  4:07  SCV  
  44  4:12  Starport Tech Lab  
  44  4:15  Terran Infantry Weapons Level 1  
  44  4:16  SCV  
  45  4:19  SCV  
  45  4:23  Barracks  
  46  4:28  SCV  
  49  4:31  Barracks  
  47  4:40  SCV x2  
  47  4:43  Siege Tank  
  47  4:44  Marine  
  53  4:49  Starport Reactor, Refinery, Stimpack  
  53  4:52  SCV  
  54  4:57  Missile Turret  
  54  5:03  Supply Depot x2  
  54  5:12  Supply Depot  
  54  5:17  Refinery  
  54  5:22  Barracks Reactor  
  54  5:24  Barracks Tech Lab  
  54  5:25  SCV x2, Siege Tank, Marine x3  
  62  5:34  Supply Depot  
  62  5:35  Supply Depot  
  62  5:37  SCV x2, Medivac  
  66  5:45  Medivac  
  66  5:49  SCV, Marine x2, Marauder  
  74  5:51  Marauder  
  74  5:52  SCV  
  76  6:01  SCV  
  77  6:04  SCV  
  77  6:06  Supply Depot  
  77  6:08  Supply Depot  
  77  6:09  Marine x2  
  77  6:10  Combat Shields  
  80  6:16  Marine  
  81  6:19  Command Center  
  81  6:23  Siege Tank  
  81  6:25  SCV  
  85  6:27  SCV  
  85  6:32  Terran Infantry Armor Level 1  
  86  6:33  Marine x2  
  86  6:37  SCV  
  89  6:41  Marine  
  90  6:50  SCV  
  90  6:51  Marine x2  
  93  6:55  Concussive Shells, Marauder  
  93  6:57  SCV  
  93  6:59  Marauder  
  93  7:01  Supply Depot  
  97  7:04  Armory  
  97  7:09  Marine x2  
  97  7:10  SCV x2  
  97  7:15  Engineering Bay  
  101  7:16  Marauder  
  101  7:18  Barracks  
  101  7:19  Barracks  
  101  7:20  Marine  
  104  7:31  Marine  
  104  7:32  Marine  
  106  7:38  Marauder x2  
  110  7:49  Marine  
  110  7:50  Marine  
  81  7:59  Marine, Marauder  
  81  8:01  Terran Infantry Weapons Level 2  
  80  8:06  Marine  
  80  8:08  Marine  
  80  8:10  Barracks Tech Lab x2  
  82  8:15  SCV  
  82  8:18  Marauder  
  82  8:19  Terran Vehicle Weapons Level 1  
  85  8:20  Marauder  
  85  8:22  SCV  
  85  8:24  Marine  
  85  8:26  Marine  
  89  8:28  Orbital Command  
  89  8:29  Medivac  
  89  8:30  Medivac  
  93  8:38  Marauder  
  93  8:39  Marauder x2  
  99  8:42  SCV, Marine, Marauder  
  99  8:43  Terran Infantry Armor Level 2  
  103  8:49  Refinery x2  
  103  8:51  Marine  
  104  9:00  Marine x2, Marauder x2  
  104  9:01  SCV x3  
  113  9:03  Marauder  
  113  9:09  Marine  
  116  9:13  SCV  
  114  9:18  Marine, Marauder  
  114  9:20  Viking x2  
  114  9:21  Marine, Marauder  
  114  9:22  SCV  
  125  9:25  Marauder  
  125  9:26  SCV  
  125  9:27  Marine  
  129  9:36  Marine  
  130  9:39  Marauder  
  130  9:42  Marine  
  130  9:44  Supply Depot  
  133  9:47  Supply Depot  
  133  9:49  Marine  
  133  9:50  Viking, Marauder x2  
  133  9:51  Barracks  
  140  9:53  Marine  
  141  10:04  Barracks x2  
  141  10:06  Viking, SCV x2, Marine, Marauder  
  148  10:07  Starport, Marine  
  148  10:11  Marine, Marauder x2  
  154  10:15  Command Center  
  154  10:24  Marauder  
  154  10:25  Marine  
  157  10:32  Supply Depot  
  157  10:33  Supply Depot  
  157  10:53  Marine x2  
  157  10:54  Viking, Barracks Tech Lab x2, Marauder x2  
  157  10:55  Viking, Barracks Reactor, Marine x2  
  169  11:09  Starport Reactor  
  169  11:11  Marine  
  169  11:12  Marine, Marauder  
  173  11:24  Marine  
  173  11:25  Marauder x3  
  170  11:28  Marine  
  170  11:29  Marine  
  170  11:30  Marine  
  150  11:33  Marauder  
  150  11:34  Marine  
  153  11:41  Viking  
  153  11:42  SCV, Marine  
  153  11:46  Marauder x2  
  153  11:47  Marine, Marauder x2  
  165  11:48  Marine  
  165  11:49  Marine  
  165  11:50  Viking  
  165  11:52  Marine  
  171  11:55  Marauder  
  171  11:59  SCV  
  171  12:00  Marine  
  175  12:05  Marauder  
  175  12:06  Marine  
  175  12:07  Marine, Marauder x2  
  175  12:08  Marauder x2  
  187  12:10  Marine  
  188  12:16  Marauder  
  188  12:18  Marine  
  185  12:23  SCV  
  185  12:24  Marine x2  
  185  12:25  Viking x2, Medivac x2  
  185  12:27  Marauder  
  185  12:29  Marauder  
  188  12:31  Marauder  
  188  12:43  SCV, Marine  
  188  12:52  Supply Depot  
  188  12:56  Supply Depot  
  188  13:09  Starport  
Tags
 
Add a new tag
Caveats
  • Supply blocks, unpowered buildings, or Contaminate may cause inaccurate times.
  • Supply counts are checked every 10 seconds.